 Dungeon Crawl Stone Soup version 0.31.0-12-g77e489cdc1 (webtiles) character file.

Game seed: 1071749941760611091

5032 PaiMei the Geomancer (level 10, -4/64 HPs)
             Began as a Gargoyle Earth Elementalist on Mar 5, 2024.
             Was a Believer of Vehumet.
             Slain by a death yak (20 damage)
             ... on level 8 of the Dungeon.
             The game lasted 00:16:12 (12036 turns).

PaiMei the Geomancer (Gargoyle Earth Elementalist) Turns: 12036, Time: 00:16:12

Health: -4/64      AC: 25    Str: 12    XL:     10   Next: 55%
Magic:  1/20       EV: 12    Int: 20    God:    Vehumet [**....]
Gold:   410        SH:  5    Dex: 10    Spells: 16/23 levels left

rFire   . . .        a - +6 spear of Padia {protect, rPois Stlth+}
rCold   . . .        (no shield)
rNeg    + . .        H - +0 steam dragon scales
rPois   ∞            m - +0 helmet
rElec   +            (no cloak)
rCorr   .            w - +0 pair of gloves
SInv    +            j - +0 pair of boots
Will    .....        e - amulet of reflection
Stlth   +++          c - ring of see invisible
HPRegen 0.30/turn    (no ring)
MPRegen 0.17/turn

%: reflection
@: under a protective aura
A: sickness immunity, AC +7, negative energy resistance 1, electricity
resistance, torment resistance 1, petrification resistance
a: Renounce Religion


You were on level 8 of the Dungeon.
You worshipped Vehumet.
Vehumet was pleased with you.
You visited 2 branches of the dungeon, and saw 10 of its levels.
You also visited: Bailey.

You collected 410 gold pieces.

Inventory:

Hand Weapons
 a - the +6 spear of Padia (weapon) {protect, rPois Stlth+}
   (You found it on level 8 of the Dungeon)

   rPois:     It protects you from poison Stlth+: It makes you more stealthy.
 k - a +1 dagger of freezing
 v - a +1 dagger of draining
 K - the +3 morningstar of Compound Interest {heavy, Str-3 Int+3}
   (You found it on level 9 of the Dungeon)

   Str-3:     It affects your strength (-3).
   Int+3:     It affects your intelligence (+3).
Missiles
 f - 67 stones
 F - 9 poisoned darts (quivered)
Armour
 j - a +0 pair of boots (worn)
 m - a +0 helmet (worn)
 w - a +0 pair of gloves (worn)
 H - +0 steam dragon scales (worn)
Jewellery
 c - a ring of see invisible (left hand)
 e - an amulet of reflection (around neck)
 E - a ring of fire
Talismans
 r - a maw talisman
Wands
 t - a wand of flame (83)
 J - a wand of paralysis (2)
Scrolls
 i - 2 scrolls of amnesia {unknown}
 l - 3 scrolls of teleportation {unknown}
 n - a scroll of vulnerability {unknown}
 p - a scroll of butterflies {unknown}
 u - 2 scrolls of blinking {unknown}
 y - a scroll of torment {unknown}
 A - a scroll of noise {unknown}
 B - 2 scrolls of fog {unknown}
 C - a scroll of revelation {unknown}
 G - 3 scrolls of identify {unknown}
Potions
 b - 5 potions of magic
 d - 2 potions of berserk rage {unknown}
 g - 4 potions of curing {unknown}
 h - 10 potions of haste {unknown}
 o - 5 potions of heal wounds {unknown}
 q - 2 potions of attraction {unknown}
 s - a potion of brilliance {unknown}
 x - a potion of degeneration {unknown}
 z - 6 potions of might {unknown}
 D - a potion of lignification {unknown}
 I - 4 potions of mutation {unknown}


   Skills:
 + Level 7.9 Fighting
 + Level 8.0 Armour
 - Level 2.1 Dodging
 - Level 3.1 Stealth
 + Level 7.2 Spellcasting
 - Level 2.0 Conjurations
 + Level 9.8 Earth Magic


You had 16 spell levels left.
You knew the following spells:

 Your Spells              Type           Power      Damage    Failure   Level
a - Sandblast             Erth           92%        2d19      1%          1
b - Stone Arrow           Conj/Erth      62%        3d10      2%          3
c - Passwall              Erth           46%        N/A       1%          3

Your spell library contained the following spells:

 Spells                   Type           Power      Damage    Failure   Level
 Foxfire                  Conj/Fire      44%        2x1d6     6%          1
 Brom's Barrelling Bould  Conj/Erth      31%        2d5       8%          4
 Necrotise                Necr           28%        1d5       10%         1
 Petrify                  Alch/Erth      26%        N/A       12%         4
 Inner Flame              Hex/Fire       7%         N/A       28%         3
 Vampiric Draining        Necr           7%         2d6       28%         3
 Ignite Poison            Fire/Alch      7%         N/A       67%         4
 Martyr's Knell           Necr/Summ      7%         N/A       67%         4
 Sticky Flame             Fire/Alch      7%         2d4       67%         4
 Irradiate                Conj/Alch      5%         3d13      86%         5
 Curse of Agony           Necr           7%         N/A       95%         5
 Haunt                    Necr/Summ      3%         N/A       100%        7
 Borgnjor's Revivificati  Necr           3%         N/A       100%        8
 Ignition                 Fire           3%         3d4       100%        8
 Death's Door             Necr           3%         N/A       100%        9


Dungeon Overview and Level Annotations

Branches:
Dungeon (9/15)             Temple (1/1) D:6          Bailey (visited)
   Lair: D:8-11         Orc: D:9-12

Altars:
Ashenzari
Cheibriados
Dithmenos
Elyvilon
Fedhas
Gozag
Hepliaklqana
Kikubaaqudgha
Makhleb
Nemelex Xobeh
Okawaru
Qazlal
Ru
Sif Muna
Trog
Uskayaw
Vehumet
Wu Jian
Xom
Yredelemnul
Zin
The Shining One

Shops:
D:1 !   D:5 *

Annotations:
D:5 3 runed translucent doors, Gadfly's ghost, novice AtFi


Innate Abilities, Weirdness & Mutations

You are immune to sickness and miasma.
Your stone body is resilient. (AC +7)
You are immune to poison.
You resist negative energy. (rN+)
You are resistant to electric shocks. (rElec)
You are resistant to unholy torment.
You are immune to petrification.


Message History

The death yak is heavily wounded.
The death yak completely misses you.
Casting: Stone Arrow (dangerous; 2% risk of failure)
Confirm with . or Enter, or press ? or * to list all spells.
Aiming: Stone Arrow (dangerous; 2% risk of failure)
Press: ? - help, Shift-Dir - straight line, f/p - death yak
Aim: a death yak (heavily wounded, 91% to hit)
The stone arrow hits the death yak!
The death yak is heavily wounded.
The death yak gores you!
Casting: Stone Arrow (dangerous; 2% risk of failure)
Confirm with . or Enter, or press ? or * to list all spells.
You don't have enough magic to cast this spell.
Casting: Stone Arrow (dangerous; 2% risk of failure)
Confirm with . or Enter, or press ? or * to list all spells.
You don't have enough magic to cast this spell.
Casting: Stone Arrow (dangerous; 2% risk of failure)
Confirm with . or Enter, or press ? or * to list all spells.
You don't have enough magic to cast this spell.
You hit the death yak.
Your weapon exudes an aura of protection.
The death yak is heavily wounded.
The death yak gores you but does no damage.
You hit the death yak but do no damage.
The death yak is heavily wounded.
The death yak gores you!
* * * LOW HITPOINT WARNING * * *
You puncture the death yak!
The death yak is severely wounded.
The death yak gores you but does no damage.
You hit the death yak but do no damage.
The death yak is severely wounded.
The death yak gores you but does no damage.
Casting: Stone Arrow (dangerous; 2% risk of failure)
Confirm with . or Enter, or press ? or * to list all spells.
You don't have enough magic to cast this spell.
You hit the death yak.
The death yak is severely wounded.
The death yak barely misses you. The death yak gores you!!
You die...

#.##.##.#
######.####.#
#.##.##.#
####...###.#
#.##.##.#
#..........#
#....##.#
#.##...#####
#######.####.###.##
######............#
#.#
.......#####.######
#.# ########
#.##### #.# #....@#
#.# #####Y####.#
#......# ########


You could see a death yak.

Vanquished Creatures
  A two-headed ogre (D:9)
  A death yak (D:8)
  An orc knight (Bailey)
  A komodo dragon (D:8)
  A hornet (D:8)
  2 wyverns (D:8)
  4 yaks (D:8)
  3 steam dragons
  Edmund (D:5)
  An ice beast (D:4)
  An orc warrior (D:7)
  An ogre (D:7)
  A kobold brigand (D:8)
  A phantom (D:7)
  3 bullfrogs
  2 scorpions (D:7)
  A wight (D:9)
  3 howler monkeys
  3 bombardier beetles (D:5)
  4 hounds
  An orc priest (D:2)
  3 jellies
  A sleepcap (D:5)
  3 iguanas
  2 orc wizards
  11 gnolls
  7 adders
  A white imp (D:5)
  2 ufetubi (D:6)
  2 ribbon worms
  19 orcs
  3 endoplasms
  4 giant cockroaches
  14 goblins
  4 hobgoblins
  7 jackals
  6 quokkas
  12 ball pythons
  8 bats
  5 frilled lizards
  13 kobolds
  5 rats
169 creatures vanquished.

Vanquished Creatures (others)
  A ball python (D:2)
1 creature vanquished.

Grand Total: 170 creatures vanquished

Notes
Turn   | Place    | Note
-------+----------+-------------------------------------------
     0 | D:1      | PaiMei the Gargoyle Earth Elementalist began the quest for
                  | the Orb.
     0 | D:1      | Reached XP level 1. HP: 10/10 MP: 3/3
   441 | D:1      | Reached XP level 2. HP: 15/15 MP: 5/5
   977 | D:1      | Reached XP level 3. HP: 17/19 MP: 6/6
  1359 | D:1      | Found Jaunawil's Distillery.
  1482 | D:2      | Reached skill level 4 in Earth Magic
  1712 | D:2      | Reached XP level 4. HP: 24/24 MP: 5/7
  2540 | D:3      | Reached skill level 1 in Armour
  2540 | D:3      | Reached XP level 5. HP: 21/28 MP: 9/9
  2587 | D:3      | Reached skill level 1 in Fighting
  3452 | D:4      | Found an opulent altar of Gozag.
  3518 | D:4      | Noticed an ice beast
  3547 | D:4      | Killed an ice beast
  3548 | D:4      | Reached skill level 5 in Earth Magic
  3548 | D:4      | Reached XP level 6. HP: 9/35 MP: 2/10
  4033 | D:5      | Entered Level 5 of the Dungeon
  4040 | D:5      | Reached XP level 7. HP: 15/40 MP: 8/12
  4271 | D:5      | Learned a level 3 spell: Stone Arrow
  4275 | D:5      | Learned a level 3 spell: Passwall
  4410 | D:5      | Found a sacrificial altar of Ru.
  4562 | D:5      | Found a runed translucent gate.
  4562 | D:5      | Found a runed translucent gate.
  4564 | D:5      | Found a runed translucent gate.
  4568 | D:5      | Noticed Gadfly's ghost (novice AtFi)
  4645 | D:5      | Noticed Edmund
  4664 | D:5      | Killed Edmund
  5035 | D:5      | Reached skill level 6 in Earth Magic
  5126 | D:5      | Found Ytipa's Assorted Antiques.
  5567 | D:6      | Found a staircase to the Ecumenical Temple.
  5573 | Temple   | Entered the Ecumenical Temple
  5582 | Temple   | Became a worshipper of Vehumet
  5671 | D:6      | Noticed a steam dragon
  5679 | D:6      | Killed a steam dragon
  5680 | D:6      | Reached XP level 8. HP: 40/48 MP: 2/14
  7129 | D:7      | Reached skill level 7 in Earth Magic
  7661 | D:7      | Reached skill level 5 in Fighting
  7661 | D:7      | Reached skill level 5 in Armour
  7661 | D:7      | Reached skill level 5 in Spellcasting
  7944 | D:7      | Found a basalt altar of Yredelemnul.
  8577 | D:8      | Noticed a wyvern
  8579 | D:8      | Killed a wyvern
  8580 | D:8      | Reached XP level 9. HP: 54/54 MP: 9/17
  8918 | D:8      | Noticed a komodo dragon
  9011 | D:8      | Reached skill level 8 in Earth Magic
  9192 | D:8      | Reached * piety under Vehumet
  9192 | D:8      | Offered knowledge of Foxfire by Vehumet.
  9393 | D:8      | Identified the +6 spear of Padia {protect, rPois Stlth+}
  9575 | D:8      | Killed a komodo dragon
  9702 | D:8      | Noticed a hornet
  9707 | D:8      | Killed a hornet
  9941 | D:9      | Reached XP level 10. HP: 57/63 MP: 9/19
 10042 | D:9      | Noticed a two-headed ogre
 10093 | D:9      | Identified the +3 morningstar of Compound Interest {heavy,
                  | Str-3 Int+3}
 10102 | D:9      | Killed a two-headed ogre
 10103 | D:9      | Reached skill level 9 in Earth Magic
 10217 | D:9      | Found a flagged portal.
 10359 | Bailey   | Entered a bailey
 11167 | Bailey   | Noticed an orc knight
 11176 | Bailey   | Killed an orc knight
 11630 | D:9      | Noticed a death yak
 11631 | D:9      | Noticed a death yak
 11702 | D:8      | Killed a death yak
 11702 | D:8      | Reached ** piety under Vehumet
 12036 | D:8      | Slain by a death yak

Illustrated notes

Levels and vault maps discovered:
D:1:      kennysheep_arrival_forest, layout_loops_ring, serial_shops,
          nicolae_shop_pleasant_corner_grove
D:2:      cheibrodos_pilgrimage, layout_basic, serial_curves, eino_curves_01,
          eino_curves_02, eino_curves_02
D:3:      layout_basic, hangedman_abyss_or_decor_stabs, minmay_misc_feat_encased
D:4:      layout_rooms, lemuel_doored_altar
D:5:      layout_loops_corners, hangedman_ru_absence,
          gammafunk_ghost_necromancy, serial_shops, shop, uniq_edmund
D:6:      layout_layer_cave, minmay_temple_entry_enclosed_plants
D:7:      layout_layer_cave, lemuel_coloured_pillars_altar
D:8:      layout_loops_ring
D:9:      layout_roguey, dpeg_lair_monsters, enter_bailey_3, serial_shops, shop,
          serial_glass, glass_columns_a, glass_columns_a, glass_columns_a,
          glass_columns_a, glass_columns_c, glass_columns_b,
          minmay_strange_pillars, feat_on_display, item_on_display_a,
          roderic_lattice_a
Temple:   compressed_dpeg_triangle_lava_temple

Skill      XL: |  1  2  3  4  5  6  7  8  9 10 |
---------------+-------------------------------+-----
Earth Magic    | 4 5 6 7 8 9 |  9.8
Dodging        | 2 |  2.1
Stealth        | 3 |  3.1
Conjurations   | 2 |  2.0
Armour         | 1 2 3 4 5 7 8 |  8.0
Fighting       | 2 4 5 7 |  7.9
Spellcasting   | 3 4 5 6 7 |  7.2

Action                     |  1- 3 |  4- 6 |  7- 9 | 10-12 || total
---------------------------+-------+-------+-------+-------++-------
  Melee: Unarmed           |    15 |       |       |       ||    15
         Whip              |   113 |       |       |       ||   113
         Short sword       |    31 |       |       |       ||    31
         Dagger            |     1 |   214 |   104 |       ||   319
         Punch             |     1 |     2 |     1 |       ||     4
         Spear             |       |       |       |    16 ||    16
   Cast: Sandblast         |    13 |    21 |    22 |       ||    56
         Stone Arrow       |       |       |    61 |    58 ||   119
   Stab: Sleeping          |     4 |     5 |     2 |       ||    11
 Armour: Robe              |   129 |   125 |   111 |       ||   365
         Steam dragon scal |       |       |     2 |    27 ||    29
  Dodge: Dodged            |   140 |   146 |    99 |    24 ||   409
  Block: Other             |       |       |       |     4 ||     4
